[Event "Rohde op 12th"]
[Site "Sautron"]
[Date "2012.10.28"]
[Round "2"]
[White "Bedouin, Xavier"]
[Black "Gleizerov, Evgeny"]
[Result "0-1"]
[ECO "C06"]
[WhiteElo "2414"]
[BlackElo "2564"]
[Annotator "Primel,D"]
[PlyCount "122"]
[EventDate "2012.10.27"]
[EventType "swiss"]
[EventRounds "9"]
[EventCountry "FRA"]
[SourceTitle "EXT 2014"]
[Source "ChessBase"]
[SourceDate "2013.11.20"]
[SourceVersion "1"]
[SourceVersionDate "2013.11.20"]
[SourceQuality "1"]
[TimeControl "40/5400+30:1800+30"]
[WhiteClock "1:30:00"]
[BlackClock "1:30:00"]

1. e4 e6 2. d4 d5 3. Nd2 Nf6 4. e5 Nfd7 5. c3 c5 6. Bd3 Nc6 7. Ne2 cxd4 8. cxd4 f6 9. exf6 Qxf6 (9... Nxf6 {La grande ligne} 10. Nf3 Bd6 11. O-O O-O (11...
Qc7) 12. Bf4 {Nikolenko,O (2475)-Gleizerov,E (2520) POL-chT Lubniewice 1994 (8)
1/2}) 10. Nf3 h6 11. O-O Bd6 12. Ng3 O-O 13. Bc2 Rf7 14. Nh5 Qd8 15. Bg6 Re7 16. Bf4 Nf8 17. Bc2 Rf7 18. Qd2 Bxf4 19. Nxf4 Qd6 {[%emt 0:
00:15] Le GMI a joué l'ouverture а tempo et il disposait а ce moment de 07
minutes de plus qu'au début de la partie!} 20. Ne2 Bd7 21. Rad1 ({RR} 21. Rfe1 Rc8 22. Rac1 Be8 23.
Ba4 Ng6 24. Bxc6 Bxc6 25. Ne5 Nxe5 26. dxe5 Qxe5 27. Nd4 Qf4 28. Qxf4 Rxf4 29.
Nxe6 Rb4 30. b3 Re8 31. f3 a5 32. Kf2 a4 33. Nc5 axb3 34. Rxe8+ Bxe8 35. Nxb3
d4 {Korneev,O (2584)-Lugovskoy,M (2376)/Belorechensk 2012/Mega2012 Update 25/1/
2-1/2 (58)}) 21... Be8 22. Qe3 {[%emt 0:05:44] Probablement
le 01er coup hors préparation du français qui était également trés bien
préparé!} Rc7 $146 (22... Nb4 23. Bb1 Bb5
24. Rfe1 Bxe2 25. Rxe2 Rc7 26. Ne5 Nc6 27. Nd3 Nb4 28. Nf4 Rac8 29. g3 Nc6 30.
Qd2 Nd8 31. h4 Qb6 32. Kg2 Rc4 33. Qe3 Qc7 34. Ree1 Qf7 35. Bd3 R4c7 36. Re2
Qf6 37. Nh5 {Sermek,D (2545)-Dimitrov,V (2464)/Pardubice 1999/EXT 2000/1/2-1/2
(60)}) 23. Nc3 a6 24. Rfe1 Rac8 (24... Re7 $5 25. Ne5 $14 ) 25. Bb1 Bh5 $11 {[%emt 0:11:15] Le mauvais B s'est activé et la
faiblesse "e6" est facile а protéger} 26. Rd2 b5 27. h3 $6 {[%emt 0:06:41] Trop lent et le GMI va prendre l'initiative} (
27. Ne5 $142 Na5 28. f4 Nc4 29. Nxc4 Rxc4 30. Bd3 R4c7 31. Rf2 b4 32. Na4 Re8 33. Nc5 $16 ) 27... Na5 $1 28. Ne5 Nc4 $1 29. Nxc4 Rxc4 30. Bd3 R4c6 31. a4 b4 32. Ne2 Bf7 33. Rdd1 b3 $5 34. Nc3 Bg6 $1 {[%emt 0:04:57][%csl Gb3,Rc2]
Echange non seulement le mauvais B mais les Blancs auront maintenant du mal а
contrôler la case "c2"} 35. g3 Qb4 36. Qe2 Bxd3 37. Rxd3 $138 {[%emt 0:00:02] Joué а
tempo mais Qd3 était une autre option valable pour éviter le clouage au coup
suivant} (37. Qxd3 $5) 37... Qc4 $1 $15 38. Qd2 {[%emt 0:00:
41][%csl Rd2,Rd3] Les pièces Noires commecent а être un peu plus actives} Ng6
$5 39. Qd1 Ne7 (39... Re8 40. Rde3) 40. Rde3 $1 $132 Nf5 41. Rxe6 Rxe6 42. Rxe6 Nxd4 43. Re5 Rd8 44. Qh5 $6 (44. Kg2 $5 {[%csl Rf3,Rf7,Rg8]
[%cal Gd1h5,Ge5e7] Libère la Q Blanche de la surveillance de la case "f3" en
évitant un échec intermédiaire} Nc2 45. Nxd5 (45. Qh5 d4 46. Nd5 Rxd5 $1 47.
Rxd5 Qc6 ) 45... Ne1+ $1 46. Qxe1 Rxd5 47. Re4 {
Malgré le P de plus, les chances de gain des Blancs sont assez minces}) 44...
Qd3 45. Rxd5 (45. Re7 $5 Qf3
46. Qe5 $36 ) 45... Nf3+ $1 46. Qxf3 Qxf3 47. Rxd8+ Kh7 48. h4 $6 (48. Rd2 $11 {[%cal Gd2e2,Ge2d2,Gg1h2] Si les
Blancs veulent annuler c'est peut-être une meilleure contruction de forteresse
en évitant d'affaiblir la case "g4". Les blancs se contentent ensuite de
répéter les coups par Rd2de2d2 ou Kh2g1 et les Noirs ont des difficultés а
progresser. Au surplus, répéter les coups sans prendre de prise de risques
permet aussi de gagner du temps avec l'incrément.} Qf5 49. Kh2 g5 50. Kg2)
48... Qf5 49. Rd2 Qe5 50.
Kg2 (50. Kh2) 50... Qe6 51. Re2 Qc6+ 52. Kg1 $11 Kg6 53. Kh2 Kf5 54. Rd2 g5 55. hxg5 hxg5 56. Rd5+ Kg6 57. Rd2 Kh5 $1 {[%emt 0:
00:18][%csl Gg4] Illustrant le problème d'avoir poussé h4 auparavant} 58. Re2 Kg4 $15 {[%emt 0:02:02] Les Noirs ont un peu progressé et il
est difficile de parer Kf3} 59. Rd2 Kf3 60. Kg1 Qc4 61. Re2 $4 (61. Kh2 $2 Qf1) (61. Rd5 $1 ) 61... Qxc3 0-1

[Event "Rohde op 12th"]
[Site "Sautron"]
[Date "2012.10.29"]
[Round "4"]
[White "Oleksienko, Mikhailo"]
[Black "Gleizerov, Evgeny"]
[Result "1-0"]
[ECO "C06"]
[WhiteElo "2539"]
[BlackElo "2564"]
[Annotator "Primel,D"]
[PlyCount "133"]
[EventDate "2012.10.27"]
[EventType "swiss"]
[EventRounds "9"]
[EventCountry "FRA"]
[SourceTitle "EXT 2014"]
[Source "ChessBase"]
[SourceDate "2013.11.20"]
[SourceVersion "1"]
[SourceVersionDate "2013.11.20"]
[SourceQuality "1"]
[TimeControl "40/5400+30:1800+30"]
[WhiteClock "1:30:00"]
[BlackClock "1:30:00"]

1. e4 e6 2. d4 d5 3. Nd2 Nf6 4. e5 Nfd7 5. Bd3 c5 6. c3 Nc6 7. Ne2 cxd4 8. cxd4 f6 9. exf6 Qxf6 10. Nf3 h6 11. O-O Bd6 12. Ng3 O-O 13.
Bc2 Rf7 (13... Rd8 {La grande ligne} 14. Re1
Nf8 15. Ne5 Bd7 (15... Qh4 16. f4) 16. f4 $14 {Vokarev,S (2485)-Gleizerov,E 
(2545) RUS-Cup Krasnodar 1998 (8) 1-0}) 14. Nh5 Qd8 ({RR} 14... Qe7 15. Re1 Nf8 16. Ng3) 15. Bg6 Re7 (15... Rf8 16. Re1 Nf6 17. Ne5 (17. Nf4 $5) 17... Qc7 $132 {
Burnoiu,N (2435)-Badev,K (2314) Bucharest U20 2008 (4) 0-1}) 16. Bf4 $1 Nf8 17. Bc2 ({RR} 17. Bd3 Bxf4 18. Nxf4 Qd6 19. Qd2 Rf7 20. Ne2 Bd7 21. Qe3
Be8 22. Ne5) 17... Rf7 18. Bg3 $5 {[%emt 0:00:37] Les deux
adversaires ont blitzé l'ouverture et ils avaient а ce moment 05 minutes de
plus qu'au début de la partie} (18. Qd2 Bxf4 19. Nxf4 Qd6 20. Ne2 Bd7 21. Qe3
Be8 22. Rad1 Nb4 23. Bb1 Bb5 24. Rfe1 Bxe2 25. Rxe2 Rc7) (18. Bxd6 Qxd6 {
la partie va donner une position quasi similaire mais avec la Qe7 au lieu de
la case "d6" qui est peu plus active} 19. Re1 Bd7 20. Ne5 Nxe5 21. Rxe5 Rc8 22.
Qd2 Be8 $11 {Petenyi,T (2347)-Smolen,J (2377) SVK-chT2A 1112 2011 (6.1) 1/2})
18... g6 {[%emt 0:19:08] La position reste théorique mais les Noirs se sont
lancés dans une longue réflexion.} 19. Bh4 Be7 (19... g5 $6 20. Bg3 $16) 20. Bxe7 Qxe7 21.
Ng3 Bd7 $146 ({RR} 21... e5 22. Nxe5 ({RR} 
22. Bb3 e4 23. Ne5 Nxe5 24. dxe5 Be6 25. Bxd5 Rd8 26. Bxe6 Rxd1 27. Bxf7+ Kxf7
28. Raxd1) 22... Nxe5 23. dxe5 Qxe5 24. Bb3 Be6 25. Qd2 Qf4 26. Qd3 Qf6 27.
Rae1 a5 28. f4 a4 29. Bc2 Qxb2 ({RR} 29... Rc8) ({RR} 29... Ra6) 30. f5 gxf5
31. Nxf5 Bxf5 32. Rxf5 Rxf5 33. Qxf5 Qd4+ 34. Kh1 Rd8 ({RR} 34... Qg7) 35. Re7
Qa1+ ({RR} 35... b5 36. Qf7+ Kh8 37. h3 Qb2 38. Qf4) ({RR} 35... Qb2 36. Qf1
Rc8 37. h3) 36. Bb1 {Timofeev,A (2577)-Zaja,I (2417)/Istanbul 2003/CBM 096/
[Mueller,Karsten]/1-0 (40)} {RR} Qb2 37. h4 Qd4 38. g3) 22. Qd2 {[%emt 0:09:18]
Fin de la préparation des Blancs!} Kg7 23. Qe3 (23. Rae1) 23... Qf6 24. Ne2 Be8 {[%emt 0:
04:47][%csl Re8] Les Noirs n'ont pas résolu le problème du mauvais B et la
poussée g6 empêche de le recycler en h5 mais la position Noire est solide} 25.
Rac1 a6 26. Bb1 $14 Nd7 27. Rfe1 (27. Qd3)
27... g5 28. Ne5 $1 {[%emt 0:21:01] Transposant
dans une finale favorable} (28. Ng3 $5 ) 28...
Ndxe5 29. dxe5 Qxe5 30.
Qxe5+ Nxe5 31. Ng3 Ng4 (31... Nc6 $142 32. Rxe6 Rf6 33. Nf5+ Kf7 34. Rd6
Rxd6 35. Nxd6+ Kf6 36. Nxb7 Rb8 37. Nd6 Bd7 38. b3 a5 39. Kf1 a4
) 32. Rxe6 $16 Rf6 33. Re7+ Rf7 34. Re6 (34. Rcc7 $142 Rxe7 35. Rxe7+ Kf6
36. Rxb7 Rc8 ) 34... Rf6 35. Nf5+ Kf8 36. Rxf6+ Nxf6 37. Nxh6
$16 d4 (37... Rd8) 38. Nf5 Rd8 39. Rd1 Bg6 40. Nxd4 $1 Rxd4 (40... Bxb1 41. Ne6+)
41. Rxd4 Bxb1 42. a3 g4 43. Rf4 Ke7 44. f3 {[%emt 0:
00:16][%csl Gg2,Gh2] Les Blancs ont des bonnes chances de gain avec la
majorité éloignée} gxf3 45. Rxf3 $36 Be4 46. Rf2 (46. Re3) 46... Ke6 47. h3 Ke5 (47... Kf7 $143 48. Rf4 Kg6 49.
Kf2 Kg5 50. g3 $40 ) 48. Kh2 (48. g4) 48... Nd5
$6 (48... a5 $142 49. g4 b5 50. Kg3 b4 51. axb4 axb4 52. h4)
49. g4 a5 50. Kg3 b5 51. h4 $40 {[%emt 0:00:09][%csl Gg4,Gh4] Le K Noir est coupé
et les pièces mineures sont assez passives} b4 52. axb4 axb4 53. h5 b3 54. g5 Ne7 55. g6 {[%emt 0:07:01]
Prématuré} (55. Rf7) (55. Re2 $142 $1 Kf5
56. g6 Nxg6 57. Rxe4) 55... Nxg6 56. hxg6 Bxg6 57. Rf3 Bc2 58. Rc3 $1
{[%emt 0:00:08] Le K Noir est coupé de l'aile-dame} Kd4 59.
Kf2 Bd1 60. Ke1 Bc2 61. Kd2 Kd5 62. Ke3 Ke5 63. Rc5+ Kd6 64.
Kd4 Bd1 65. Kc4 Bg4 (65... Bc2 66. Kb4 Bd1 67. Rc4 Bc2) 66. Kb4 Be6 67. Rc3 1-0

[Event "Gashimov Memorial-B 1st"]
[Site "Shamkir"]
[Date "2014.04.23"]
[Round "4"]
[White "Mamedov, Rauf"]
[Black "Wang, Hao"]
[Result "1-0"]
[ECO "C06"]
[WhiteElo "2660"]
[BlackElo "2734"]
[Annotator "Sagar Shah"]
[PlyCount "149"]
[EventDate "2014.03.21"]
[EventType "tourn"]
[EventRounds "9"]
[EventCountry "AZE"]
[EventCategory "17"]
[SourceTitle "CBM 160"]
[Source "ChessBase"]
[SourceDate "2014.05.15"]
[SourceVersion "1"]
[SourceVersionDate "2014.05.15"]
[SourceQuality "1"]
[TimeControl "40/7200:20/3600:900+30"]
[WhiteClock "0:59:26"]
[BlackClock "0:56:56"]

1. e4 e6 2. d4 d5 3. Nd2 {[%emt 0:00:03] The Tarrasch Variation is considered to be one
of the most critical variations against French Defense. Ari Ziegler who made a
DVD on the French for Black said he just doesn't know how to break the white
pawn chain in this opening.'} Nf6 (3... c5 {Gives Black more
chances to equalise, but less chances to win.}) 4. e5 Nfd7 5. Bd3 c5 6. c3 Nc6 7. Ngf3 $5 (7. Ne2 {Is by far the
main line. The idea is to bring the d2 knight to f3.}) 7... Qb6 (7... f6 {is another option, but a very famous game between Tal-Bronstein
continued with} 8. Ng5 $5 {A typical Tal bluff.} fxg5 9. Qh5+ g6 10. Bxg6+ hxg6
11. Qxh8 cxd4 {with clear advantage to Black. Bronstein did not play this. He
fell for the bluff and met Ng5 with Nde5 after which White was better.}) 8. O-O cxd4 9. cxd4 Nxd4 10. Nxd4 Qxd4 11. Nf3 {[%emt 0:00:02]
White gives up a pawn in order to increase his lead in development. He has
open c-file and the black king is in the center. White has decent compensation.
The credit of popularizing this line must go to Viktor Korchnoi for his very
famous game against Udovcic in 1967.'} Qb6 12. Qa4 {[%emt 0:
00:53] This pins the knight, and White is ready to swing his queen over to the
kingside with Qg4.'} Qb4 {[%emt 0:00:06] Sagar Shah: 'Preventing the swing.'}
13. Qc2 Nc5 (13... h6 14. Bd2 Qb6 15. Rac1
Be7 16. Qa4 Qd8 17. Rc2 Kf8 18. Rfc1 Nb6 19. Qg4 Bd7 20. Ba5 Rc8 21. Rxc8 Bxc8
22. Bb4 g6 23. Qh4 g5 24. Nxg5 Ke8 25. Bb5+ Bd7 26. Nxe6 fxe6 27. Qh5+ Kf8 28.
Rc3 Rh7 29. Qg6 Rg7 30. Qxh6 Bxb4 31. Rg3 {1-0 (31) Kortschnoj,V-Udovcic,M
Leningrad 1967}) (13... Qc5 {is another option, pursuing the white queen.} 14.
Qe2 Be7 15. Be3 Qa5 16. Rfc1 $44) 14. Bd2 {[%emt 0:04:57] Gaining more time
and connecting the rooks.'} Qa4 15. b3 Qd7 16. Rac1 (16. Nd4 Nxd3 17. Qxd3 b6 18. a4 Bc5
19. b4 Bxd4 20. Qxd4 Bb7 21. Ra3 Rc8 22. Rg3 Rc4 23. Qd3 Qc7 24. Re1 Re4 25.
Rxe4 dxe4 26. Qd6 Qxd6 27. exd6 e3 28. Bxe3 Rg8 29. Bd4 Kd7 30. Bxg7 a5 31. b5
Be4 32. h3 Bc2 33. Rc3 Rc8 34. Rf3 f5 35. Be5 Rc5 36. Re3 Bxa4 37. f4 Bxb5 38.
Rg3 Rc1+ 39. Kh2 Rd1 40. Rg7+ Kc6 41. Rxh7 Rxd6 42. Bxd6 Kxd6 43. h4 Be8 44. h5
Bxh5 45. Rxh5 a4 {Istratescu,A (2636)-Berg,E (2587) Achaea 2012 1-0}) (16. Be2
{Preserving the bishop has been played more often, but Mamedov wants to
further build up his lead in development and capture the c-file with his rooks.
}) 16... b6 (16... Nxd3 17. Qxd3 b6 $1 18. Rc2 a5 19. Rfc1 Ba6
20. Qd4 Bc5 21. Qg4 O-O {Black should be better because after the following
variation} 22. Bh6 f5 23. exf6 Rxf6 24. Bg5 Rff8 {White lacks compensation.})
17. Nd4 Ba6 (17... Nxd3 18. Qxd3 Bc5 {
should also be fine for black.}) 18. Bxa6 Nxa6 19. Qd3 Nc5 20. Qe2 a5
$146 {[%emt 0:07:52] stopping white from playing b4 and disodging the knight.'}
(20... Be7 21. b4 Ne4 22. Nb5 O-O 23. Rc7 Qe8 24. Nd4 b5 25. Rfc1 Bd8 26. R7c6
Bb6 27. Be3 Qb8 28. f3 Qxe5 29. Rxb6 axb6 30. fxe4 Qxe4 31. Nc6 Rxa2 32. Qf3
Qxf3 33. gxf3 Kh8 34. Ne5 f6 35. Nd7 Re8 36. Nxb6 Rb2 37. Bc5 h5 38. Re1 d4 39.
f4 d3 40. Rd1 Rd8 41. Be7 Rd4 42. Bc5 Rxf4 43. Rxd3 Re4 44. Kf1 Rxh2 45. Rd8+
Kh7 46. Nd7 Kg6 47. Nf8+ Kf5 48. Rd3 Rc4 49. Kg1 Rb2 50. Rd1 {Pachow,J (2235)
-Tischbierek,R (2380) Fuerstenwalde 1981 0-1}) 21. Be3 Be7 22. Qg4 $1 g6 (22... O-O {
is impossible due to} 23. Bh6 $1 $14) 23. Bh6 $1 Bf8 24. Bxf8 Kxf8 {[%emt 0:00:36] This type of
compensation is what White is looking for. For a pawn the black king is pretty
weak.} 25. Qf4 h6 26. Rc3 Qe7 27. Nc6 Qd7 28. Nd4 Qe7 29. Nc6 Qg5 {[%emt 0:03:
52] Wang Hao is not satisfied with the half point and presses on for a win.'}
30. Qd4 h5 31. f4 Qf5 32. Qd1 h4 33. Nd4 Qh5 34. Qc2 Kg7 $15 {[%emt 0:00:13]
Blacks play has been wonderful. He has connected his rooks and remained a pawn
up'} 35. Rcf3 Rhf8 36. Rc3 Rfc8 37. a3 Re8 38. Rff3 Re7 39. Qe2 h3 $2 {[%emt 0:
01:15] On the penultimate move before the time control Black goes wrong. He
should have just kept playing his rooks and waited for the extra time, but he
decided to sharpen the play and is now left with a bad position.'} 40. f5 $5 {
[%emt 0:00:00] Mamedov too plays the most complex move in the position.'} (40.
Qe1 $3 {was the refutation of Black's idea.} hxg2 41. Rh3 Qg4 42. Rh4 {traps
the black queen.}) 40... Kg8 (40... exf5 {Sagar Shah} 41.
Nxf5+ gxf5 42. Rg3+ $18) 41. f6 Rd7 42. Rf4 Qxe2 43. Nxe2 {[%emt 0:00:07] Though the
queens have been exchanged, White still harbors the ambition of mating the
black king down the h-file.'} g5 (43... hxg2 {Sagar Shah} 44.
Rh4 {followed by Rch3 is curtains.}) 44. Rg4 Ne4 45. Rxh3 {[%emt 0:04:15] Material balance has been established, it's a
race now. Black is going to occupy the c-file while White will try to break
through on the kingside.'} Rc7 46. Rf3 Kh7 47. h4 Kg6 $6 (47... Rc2 $132
48. Ng3 Nd2 49. Rf2 Rg8 {Black is holding on.}) 48. Ng3 Rc1+ 49. Kh2 Re1 (49... Rh8 50.
Nxe4 dxe4 51. Rxg5+ $16) 50. Nxe4 dxe4 51.
Rxg5+ {[%emt 0:01:22] Suddenly the roles have been reversed. Black is now a
pawn down and in deep trouble.'} Kh6 52. Rc3 Rd8 53. Rgg3 (53. Rg7 $1) 53... b5 54. b4 a4 55. Rg4 e3 56. Kg3 e2 57. Kf2 Rb1 58. Kxe2 Rb2+ 59. Ke1 Rb3 60. Rxb3 axb3 61. Rg3 Rg8 62. Rxb3 Rxg2 63. Rc3 Kg6 64. Rc5 Rg3 65. Rxb5 Rxa3 66. Kd2 Kf5 67. Rc5 Ke4 68. Kc2 Kd4 69. Rc7 Kxe5 70. Rxf7 Rh3 71. b5 Rxh4 72. Kc3 Rh1 73. Kb4 Kf5 74. b6 e5 75. Rf8 {[%emt 0:00:16]
Fighting chess by both the players, this shows that chess is quite a practical
game. Though the opening was clearly better for Black, White kept up the
pressure, and near the 40th move Black went wrong and White was able to
convert his advantage.'} 1-0